 Dungeon Crawl Stone Soup version 0.19-a0-328-g3707654 (webtiles) character file.

791 wvc the Cutter (level 7, -9/52 HPs)
             Began as a Demonspawn Wanderer on May 28, 2016.
             Was an Initiate of Cheibriados.
             Mangled by an ice beast (10 damage)
             ... on level 5 of the Dungeon.
             The game lasted 00:08:56 (3453 turns).

wvc the Cutter (Demonspawn Wanderer)                Turns: 3453, Time: 00:08:57

Health: -9/52      AC: 12    Str: 15    XL:     7   Next: 57%
Magic:  0/8        EV:  8    Int: 12    God:    Cheibriados [......]
Gold:   199        SH:  8    Dex: 15    Spells: 0 memorised, 8 levels left

rFire  . . .     SeeInvis .     l - +0 dagger (venom)
rCold  . . .     Gourm    .     w - +0 ring mail
rNeg   . . .     Faith    .     x - +0 shield
rPois  .         Spirit   +     q - +2 helmet
rElec  .         Dismiss  .     (no cloak)
rCorr  .         Reflect  .     (no gloves)
SustAt .         Harm     .     (no boots)
MR     .....                    (no amulet)
Stlth  +.........               (no ring)
                                (no ring)

@: very slow, not resistant to hostile enchantments, very unstealthy
A: claws 1, rough black scales 1, powered by death 1, magic shield, magic
regeneration
a: Bend Time, Renounce Religion


You were on level 5 of the Dungeon.
You worshipped Cheibriados.
Cheibriados was noncommittal.
You were not hungry.

You visited 1 branch of the dungeon, and saw 5 of its levels.

You collected 199 gold pieces.

Inventory:

Hand Weapons
 l - a +0 dagger of venom (weapon)
 m - a +0 whip
 n - a +0 dagger of draining
Missiles
 e - 12 tomahawks (quivered)
Armour
 q - a +2 helmet (worn)
 w - a +0 ring mail (worn)
 x - a +0 shield (worn)
Wands
 c - a wand of random effects (6/48)
Scrolls
 d - 2 scrolls of blinking
 p - a scroll of magic mapping
 r - a scroll of remove curse
Potions
 g - 2 potions of invisibility
 i - 2 potions of brilliance {unknown}
 j - a potion of curing {unknown}
 k - a potion of might {unknown}
 s - 2 potions of magic
 u - a potion of flight {unknown}
 z - a potion of berserk rage
Books
 a - a book of Minor Magic

   Spells                             Type                      Level
   a - Magic Dart                     Conjuration                  1
   b - Blink                          Translocation                2
   c - Call Imp                       Summoning                    2
   d - Repel Missiles                 Charms/Air                   2
   e - Slow                           Hexes                        2
   f - Conjure Flame                  Conjuration/Fire             3
   g - Mephitic Cloud                 Conjuration/Poison/Air       3
 b - Uhyvyerr's Guide on the Blaze

   Spells                             Type                      Level
   a - Flame Tongue                   Conjuration/Fire             1
   b - Conjure Flame                  Conjuration/Fire             3
 o - a book of Ice

   Spells                             Type                      Level
   a - Ice Form                       Ice/Transmutation            4
   b - Metabolic Englaciation         Hexes/Ice                    5
   c - Ozocubu's Refrigeration        Ice                          6
   d - Bolt of Cold                   Conjuration/Ice              6
   e - Freezing Cloud                 Conjuration/Ice/Air          6
   f - Simulacrum                     Ice/Necromancy               6
Comestibles
 f - a bread ration


   Skills:
 - Level 3.1 Fighting
 * Level 6.2 Short Blades
 - Level 1.3 Maces & Flails
   Level 1.0 Bows
 - Level 1.7 Armour
 - Level 2.0 Dodging
 + Level 1.0 Shields
 - Level 1.0 Spellcasting
   Level 4.0 Hexes
 - Level 2.0 Evocations


You had 8 spell levels left.
You didn't know any spells.

Dungeon Overview and Level Annotations

Branches:
Dungeon (5/15)
 Temple: D:4-7

Altars:
Cheibriados
Dithmenos
Elyvilon
Fedhas
Hepliaklqana
Qazlal
Sif Muna
Vehumet
Xom
Yredelemnul
Zin
The Shining One

Annotations:
D:4 1 runed door


Innate Abilities, Weirdness & Mutations

You have sharp fingernails.
You are partially covered in rough black scales. (AC +4, Dex -1)
You regenerate a little health from kills.
When hurt, damage is shared between your health and your magic reserves.
You regenerate magic rapidly.


Message History

The ice beast hits you. The ice beast freezes you!
* * * LOW HITPOINT WARNING * * *
You hit the ice beast but do no damage.
The ice beast is almost dead.
You block the ice beast's attack.
You hit the ice beast but do no damage.
The ice beast is almost dead.
You closely miss the ice beast.
The ice beast is almost dead.
You block the ice beast's attack.
You closely miss the ice beast.
The ice beast is almost dead.
The ice beast hits you but does no damage.
A hound comes into view.
You hit the ice beast but do no damage.
The ice beast is almost dead.
The ice beast hits you.
* * * LOW HITPOINT WARNING * * *
The ice beast freezes you!
You die...

###...#############
#..._.....#..#.....
##....._.....>......
##...................
#.._..⌠..............
##......)..h...##...##
##........_.##..##...##
#....Y.._....#.........
+....#@......#.........
#....#.......#.........
#..).#.......#.........
##...###########....###
#...# ###### # #..... .
#...... . #....... .
#........ .


You could see an ice beast and a hound.

Vanquished Creatures
  A hippogriff (D:5)
  A hungry ghost (D:4)
  2 scorpions (D:4)
  A hound (D:4)
  4 orc priests
  2 orc wizards
  An iguana (D:5)
  A worker ant (D:4)
  A hound skeleton (D:5)
  2 adders
  4 gnolls (D:3)
  An ooze (D:1)
  3 worms
  A giant gecko (D:3)
  15 orcs
  A ball python (D:2)
  2 giant cockroaches
  12 goblins
  4 hobgoblins
  9 jackals
  2 quokkas
  A ball python skeleton (D:4)
  8 bats
  3 giant newts
  7 kobolds
  A kobold skeleton (D:4)
  6 rats
96 creatures vanquished.

Notes
Turn   | Place    | Note
--------------------------------------------------------------
     0 | D:1      | wvc the Demonspawn Wanderer began the quest for the Orb.
     0 | D:1      | wvc set off with: a book of Minor Magic, Uhyvyerr's Guide on the Blaze, a wand of random effects (15/48), a +0 robe, a +0 club, a bread ration
     0 | D:1      | Reached XP level 1. HP: 13/13 MP: 2/2
    86 | D:1      | Reached skill level 1 in Maces & Flails
   271 | D:1      | Gained mutation: When hurt, damage is shared between your health and your magic reserves. [demonic ancestry]
   271 | D:1      | Reached XP level 2. HP: 19/19 MP: 3/3
   781 | D:1      | Reached skill level 1 in Short Blades
   914 | D:2      | Reached skill level 1 in Dodging
   914 | D:2      | Gained mutation: You regenerate a little health from kills. [demonic ancestry]
   914 | D:2      | Reached XP level 3. HP: 16/24 MP: 1/4
  1397 | D:3      | Reached skill level 1 in Fighting
  1492 | D:3      | Found a stormy altar of Qazlal.
  1531 | D:3      | Gained mutation: You are partially covered in rough black scales. (AC +4, Dex -1) [demonic ancestry]
  1531 | D:3      | Reached XP level 4. HP: 32/32 MP: 5/5
  1560 | D:3      | Found a basalt altar of Yredelemnul.
  1588 | D:3      | Found a glowing silver altar of Zin.
  1592 | D:3      | Found a blossoming altar of Fedhas.
  1596 | D:3      | Found a white marble altar of Elyvilon.
  1938 | D:3      | Identified Uhyvyerr's Guide on the Blaze
  1979 | D:3      | Reached skill level 2 in Short Blades
  2040 | D:3      | Gained mutation: You regenerate magic rapidly. [demonic ancestry]
  2040 | D:3      | Reached XP level 5. HP: 38/38 MP: 6/6
  2183 | D:4      | Reached skill level 3 in Short Blades
  2229 | D:4      | Found a hazy altar of Hepliaklqana.
  2264 | D:4      | Found a shimmering altar of Xom.
  2275 | D:4      | Noticed a hungry ghost
  2380 | D:4      | Found a runed door.
  2380 | D:4      | Noticed a human
  2385 | D:4      | Found a basalt altar of Yredelemnul.
  2493 | D:4      | Gained mutation: You have sharp fingernails. [demonic ancestry]
  2493 | D:4      | Reached XP level 6. HP: 37/46 MP: 7/7
  2595 | D:4      | Reached skill level 4 in Short Blades
  2963 | D:4      | Killed a hungry ghost
  3041 | D:4      | Reached skill level 5 in Short Blades
  3041 | D:4      | Reached XP level 7. HP: 52/52 MP: 8/8
  3163 | D:5      | Entered Level 5 of the Dungeon
  3172 | D:5      | Noticed a hippogriff
  3192 | D:5      | Killed a hippogriff
  3226 | D:5      | Reached skill level 6 in Short Blades
  3335 | D:5      | Found a glowing golden altar of the Shining One.
  3337 | D:5      | Found a shadowy altar of Dithmenos.
  3338 | D:5      | Found a deep blue altar of Sif Muna.
  3338 | D:5      | Found a radiant altar of Vehumet.
  3340 | D:5      | Found a snail-covered altar of Cheibriados.
  3413 | D:5      | Became a worshipper of Cheibriados the Contemplative
  3425 | D:5      | Reached skill level 1 in Shields
  3448 | D:5      | HP: 1/52 [ice beast (10)]
  3453 | D:5      | HP: 1/52 [ice beast (1)]
  3453 | D:5      | Mangled by an ice beast

Vault maps used:
D:1:      nagdon_arrival_double_spiral, st_stairs_12, hangedman_decor_slide_cut
D:3:      lemuel_coloured_pillars_altar, grunt_temple_overflow_diamond,
          nicolae_overflow_hidden_temple
D:4:      nicolae_overflow_crystal_walls, old_standard_altar, first_bread,
          dk_yredelemnul_ordeal
D:5:      grunt_temple_overflow_open, minmay_temple_entry_hall,
          grunt_decor_mini_mirrors, minmay_gold_behind_fungi,
          minmay_misc_feat_chi, uniq_edmund

Skill      XL: |  1  2  3  4  5  6  7 |
---------------+----------------------+-----
Maces & Flails | 1 |  1.3
Short Blades   | 1 2 3 5 6 |  6.2
Dodging        | 1 2 |  2.0
Fighting       | 1 2 3 |  3.1
Shields        | 1 |  1.0
Bows           | |  1.0
Armour         | |  1.7
Spellcasting   | |  1.0
Hexes          | |  4.0
Evocations     | |  2.0

Action                   |  1- 3 |  4- 6 |  7- 9 || total
-------------------------+-------+-------+-------++-------
Melee: Club              |    30 |       |       ||    30
       Dagger            |   131 |   195 |   102 ||   428
Throw: Tomahawk          |     7 |       |       ||     7
Evoke: Wand              |       |     9 |       ||     9
  Use: Scroll            |     7 |     3 |     2 ||    12
       Potion            |       |     1 |       ||     1
  Eat: Chunk             |     2 |     5 |       ||     7
       Beef jerky        |       |     1 |       ||     1
       Bread ration      |       |     2 |       ||     2
       Pizza             |       |     1 |       ||     1
Armor: Robe              |     4 |       |       ||     4
       Leather armour    |    45 |       |       ||    45
       Ring mail         |    27 |    57 |    28 ||   112
       Chain mail        |       |    39 |       ||    39
Dodge: Dodged            |   118 |    79 |    26 ||   223
Block: Shield            |       |       |    27 ||    27
